 Dungeon Crawl Stone Soup version 0.31-a0-662-g684573625c (webtiles) character file.

Game seed: 1743793997590524396

32 Dordric the Changeling (level 3, -6/23 HPs)
             Began as an Octopode Shapeshifter on Aug 31, 2023.
             Mangled by a gnoll
             ... wielding a +0 flail
              (7 damage)
             ... on level 3 of the Dungeon.
             The game lasted 00:00:56 (1102 turns).

Dordric the Changeling (Octopode Shapeshifter)      Turns: 1102, Time: 00:00:57

Health: -6/23      AC:  1    Str: 13    XL:     3   Next: 25%
Magic:  3/3        EV: 13    Int: 12    God:
Gold:   81         SH:  0    Dex: 19    Spells: 2/2 levels left

rFire   . . .        h - +0 sling
rCold   . . .        (no shield)
rNeg    . . .        (helmet currently unavailable)
rPois   .            (no amulet)
rElec   .            e - +6 ring of dexterity
rCorr   .            (no ring)
SInv    .            (no ring)
Will    .....        (no ring)
Stlth   +++          (no ring)
HPRegen 0.23/turn    (no ring)
MPRegen 0.08/turn    (no ring)
                     (no ring)

%: no passive effects
@: beast-form
A: beast (slay +2), almost no armour, amphibious, 8 rings, camouflage 1,
gelatinous body 1, (nimble swimmer 1), tentacles
a: Begin Untransformation


You were on level 3 of the Dungeon.
You were a hulking beast.
You visited 1 branch of the dungeon, and saw 3 of its levels.

You collected 81 gold pieces.

Inventory:

Hand Weapons
 h - a +0 sling (weapon)
Jewellery
 e - a +6 ring of dexterity (left tentacle)
Talismans
 b - a beast talisman (active)
 c - a flux talisman
Scrolls
 d - a scroll of blinking {unknown}
 f - a scroll of enchant weapon {unknown}
 j - a scroll of silence {unknown}
 k - a scroll of poison {unknown}
 l - a scroll of teleportation {unknown}
 m - a scroll of identify {unknown}
 o - a scroll of butterflies {unknown}
Potions
 a - a potion of lignification
 g - a potion of curing {unknown}
 i - a potion of attraction {unknown}
 n - a potion of might {unknown}


   Skills:
 - Level 1.0 Fighting
 - Level 2.0 Dodging
 - Level 3.0 Unarmed Combat
 + Level 4.1 Shapeshifting


You had 2 spell levels left.
You didn't know any spells.
Your spell library contained the following spells:

 Spells                   Type           Power      Damage    Failure   Level
 Poisonous Vapours        Pois/Air       0%         N/A       45%         2
 Mephitic Cloud           Conj/Pois/Air  0%         N/A       69%         3
 Freezing Cloud           Conj/Ice/Air   0%         6-21      100%        5
 Conjure Ball Lightning   Conj/Air       0%         3x3d6     100%        6
 Discord                  Hex            0%         N/A       100%        8
 Disjunction              Tloc           0%         N/A       100%        8


Dungeon Overview and Level Annotations

Branches:
Dungeon (3/15)

Altars:

Shops:
D:2 [


Innate Abilities, Weirdness & Mutations

You are a hulking beast.
Your limbs bulge with bestial killing power. (Slay +2)
You cannot wear most types of armour.
You are amphibious.
You can wear up to eight rings at the same time.
Your skin changes colour to match your surroundings (Stealth+).
Your rubbery body absorbs attacks. (AC +1, EV +1)
((You are camouflaged when in or above water. (Stealth+)))
You have tentacles for arms and can constrict up to eight enemies at once.


Message History

You shoot a sling bullet. The sling bullet barely misses the orc.
You shoot a sling bullet. The sling bullet barely misses the orc.
The orc wizard mumbles some strange words.
The orc wizard flickers and vanishes!
Deactivating autopickup; reactivate with Ctrl-A.
A gnoll comes into view. It is wielding a +0 halberd.
The orc hits you with a +0 club.
You hear a shout!
You shoot a sling bullet. The sling bullet barely misses the orc.
The gnoll shouts!
The orc barely misses you.
You shoot a sling bullet. The sling bullet hits the orc.
The orc is moderately wounded.
A gnoll comes into view. It is wielding a +0 halberd.
The orc misses you.
A gnoll comes into view. It is wielding a +0 spear.
The orc hits you with a +0 club.
You shoot a sling bullet. The sling bullet hits the orc!
You kill the orc!
The gnoll attacks as it pursues you! The gnoll barely misses you.
The gnoll throws a throwing net.
The throwing net hits you.
You become entangled in the net!
You see here a throwing net.
You tear a large gash into the net.
You struggle against the net.
Something hits you.
You rip the net and break free!
The gnoll barely misses you. Something hits you.
The gnoll hits you with a +0 flail.
You hear some strange, mumbled words.
You are confused.
The gnoll attacks as it pursues you! The gnoll hits you with a +0 flail.
You bump into the rock wall.
The gnoll barely misses you.
You're too confused to move!
The gnoll hits you from afar with a +0 halberd.
The gnoll hits you with a +0 flail!
* * * LOW HITPOINT WARNING * * *
The gnoll attacks as it pursues you! The gnoll closely misses you.
You bump into the rock wall.
You feel less confused. The gnoll hits you with a +0 flail!
You die...

###..# #..#
###..# #....#
#.#.## ### #....#
#.. #..#.# #.#
#....# #.# #†#.##
#h# ##
#.#.####g####...
#.............†#
###.####g####..#
#....o.g..#..#.#.
######.g..g..)...
####.##..... #†#
.## #.#


You could see 4 gnolls and an orc.

Vanquished Creatures
  A dart slug (D:2)
  2 orcs (D:3)
  A ball python (D:1)
  2 bats
  4 endoplasms
  A giant cockroach (D:3)
  2 goblins (D:1)
  A hobgoblin (D:1)
  3 quokkas
  3 frilled lizards (D:2)
  A kobold (D:1)
  5 rats
26 creatures vanquished.

Notes
Turn   | Place    | Note
-------+----------+-------------------------------------------
     0 | D:1      | Dordric the Octopode Shapeshifter began the quest for the
                  | Orb.
     0 | D:1      | Reached XP level 1. HP: 13/13 MP: 1/1
   243 | D:1      | Found a faded altar of an unknown god.
   327 | D:1      | Reached XP level 2. HP: 18/18 MP: 2/2
   586 | D:2      | Found Wuin's Armour Boutique.
  1055 | D:3      | Reached XP level 3. HP: 23/23 MP: 3/3
  1076 | D:3      | Reached skill level 4 in Shapeshifting
  1100 | D:3      | HP: 1/23 [gnoll/+0 flail (9)]
  1102 | D:3      | Mangled by a gnoll

Illustrated notes

Levels and vault maps discovered:
D:1:      eino_arrival_water_star, layout_rooms, ebering_ecumenical_altar_hall
D:2:      layout_basic, serial_shops, nicolae_shop_gibbet_a_chance
D:3:      minmay_chambers_of_twos, layout_loops_ring

Skill      XL: |  1  2  3 |
---------------+----------+-----
Shapeshifting  | 4 |  4.1
Fighting       | |  1.0
Dodging        | |  2.0
Unarmed Combat | |  3.0

Action                     || total
---------------------------++-------
  Melee: Unarmed           ||     8
         Constrict         ||     3
   Fire: Sling             ||    60
 Armour: Skin              ||    16
  Dodge: Dodged            ||    30

Table legend: (Time is in decaauts)
 A = Elapsed time spent in this place.
 B = Non-inter-level travel time spent in this place.
 C = Inter-level travel time spent in this place.
 D = Time resting spent in this place.
 E = Time spent auto-exploring this place.
 F = Levels seen in this place.
 G = Mean time per level.
                   A        B        C        D        E       F      G
               +--------+--------+--------+--------+--------+-----+--------+
         Total |   1124 |   1093 |     31 |      0 |    906 |   3 |  374.7 |
       Dungeon |   1124 |   1093 |     31 |      0 |    906 |   3 |  374.7 |
               +--------+--------+--------+--------+--------+-----+--------+

Top non-repeatable levels by time:
     D:2: 507 daAuts
     D:1: 409 daAuts
     D:3: 207 daAuts
